[Event "15th Chennai GM Open 2025"]
[Site "Chennai"]
[Date "2025.01.09"]
[Round "10.15"]
[White "Laxman, R.R."]
[Black "Mayukh Majumder"]
[Result "1/2-1/2"]
[ECO "D94"]
[WhiteElo "2303"]
[BlackElo "2013"]
[Annotator "TA"]
[PlyCount "105"]
[EventDate "2025.01.02"]
[EventType "swiss"]
[EventCountry "IND"]
[SourceTitle "playchess.com"]
[Source "ChessBase"]
[SourceQuality "1"]
[TimeControl "5400+30"]

1. d4 Nf6 2. c4 g6 3. Nf3 Bg7 4. Nc3 d5 5. e3 O-O 6. b4 c6 7. Be2 Be6 8. c5 a6 9. O-O Nbd7 (9... Bg4 $11) 10. Ng5 $1 $14 Bf5 (10... Ne8 $14) 11. g4 $16 {[%emt 0:04:34] White is more active.} h6 12. Nh3 Be6 13. Nf4 g5 14. Nxe6 fxe6 15. f4 Nh7 ({Black should try} 15... gxf4 16. exf4 a5) 16. Qd3 (16. Rb1 $142) 16... a5 17. bxa5 (17. b5 $16) 17... gxf4 $1 $14 18. exf4 Qxa5 19. Qe3 {[%emt 0:06:28][%cal Oa1b1] And now Rb1! would win.} (19. Rb1 $5) 19... Nxc5 20. Bd2 {[%emt 0:00:06] [#]} (20. dxc5 $2 Qxc3 21. Qxc3 (21. Qxe6+ $2 Rf7 $19) 21... Bxc3 $19) (20. Rb1 $1 $14 {stays ahead.}) 20... Na4 (20... Qb4 $1 $17 21. Nb5 (21. dxc5 $2 Bd4 $19) 21... Qa4 22. dxc5 cxb5 23. Qxe6+ Kh8) 21. Nxa4 (21. Qxe6+ Rf7 22. Kh1 Qa7 $19 (22... Nxc3 23. Bd3 $11)) ({White should try} 21. Bd3 $11 Nb2 22. Nd1 (22. Qxe6+ Kh8 $11)) 21... Qxa4 $15 22. Bc3 $1 (22. Qxe6+ $2 Rf7 23. Bc3 Bxd4+ 24. Bxd4 Qxd4+ 25. Kh1 Qf6 $17 (25... Nf6 $2 26. Bf3 $17)) 22... Kh8 23. Bd1 Qa3 $1 24. Bc2 Nf6 25. Rf3 Nxg4 26. Qxe6 Nf6 27. Rg3 {[%emt 0:01:36] [#]} (27. Kh1 $15) 27... Qd6 $1 $17 ({Don't blunder} 27... Nh5 $2 28. Qg6 Kg8 29. Qxh5 $18) 28. Qe5 Qxe5 (28... Ra3 $17 29. Qxd6 exd6) 29. fxe5 $15 Nh5 30. Re3 $1 Nf4 31. a4 Ne6 32. Rd3 c5 33. dxc5 d4 34. Bb4 Nf4 (34... Bxe5 35. Re1 Rf5 36. Rh3 Rg5+ 37. Kh1 $16) (34... Rac8 $5 35. Re1 b6 $17) 35. Rd2 (35. Rf3 $11) 35... Bxe5 36. Re1 {[%emt 0:00:09] Prevents d3.} Bf6 37. Bb3 {[%emt 0:00:48] Inhibits Nd5.} Rfc8 38. a5 e5 39. Re4 Rc7 40. Kf1 Rac8 (40... Rf8 $142 {Hoping for ...Bh4.} 41. Ke1 Bh4+ 42. Kd1 Rf5) 41. Bc4 Rxc5 42. Bxc5 Rxc5 43. Rdxd4 exd4 44. Rxf4 $17 {[%emt 0:00:04][%mdl 4096] Endgame KRB-KRB. Black is a pawn up.} Bg7 45. Bd3 Rxa5 46. Rf7 Ra1+ 47. Kg2 Ra2+ 48. Kh1 Rd2 49. Be4 Re2 50. Bxb7 d3 51. Rd7 Be5 (51... d2 $15 52. Bf3 Re3) 52. Rxd3 $11 Rxh2+ 53. Kg1 1/2-1/2